 Dungeon Crawl Stone Soup version 0.19.1-1-g22dce08 (webtiles) character file.

86 ponk the Shield-Bearer (level 4, -2/40 HPs)
             Began as a Minotaur Fighter on Jan 9, 2017.
             Slain by a centaur (4 damage)
             ... on level 6 of the Dungeon.
             The game lasted 00:04:34 (1390 turns).

ponk the Shield-Bearer (Minotaur Fighter)           Turns: 1390, Time: 00:04:37

Health: -2/40      AC:  7    Str: 20    XL:     4   Next: 27%
Magic:  3/3        EV: 10    Int:  5    God:
Gold:   124        SH:  9    Dex: 11    Spells: 0 memorised, 3 levels left

rFire  . . .     SeeInvis .     a - +0 trident
rCold  . . .     Gourm    .     b - +0 scale mail
rNeg   . . .     Faith    .     c - +0 shield
rPois  .         Spirit   .     (helmet restricted)
rElec  .         Reflect  .     (no cloak)
rCorr  .         Harm     .     (no gloves)
MR     .....                    (no boots)
Stlth  ..........               (no amulet)
                                j - ring of flight
                                e - +3 ring of evasion

@: no status effects
A: retaliatory headbutt, horns 2
a: Evoke Flight


You were on level 6 of the Dungeon.
You were near starving.

You visited 1 branch of the dungeon, and saw 4 of its levels.

You collected 124 gold pieces.

Inventory:

Hand Weapons
 a - a +0 trident (weapon)
Armour
 b - a +0 scale mail (worn)
 c - a +0 shield (worn)
Jewellery
 e - a +3 ring of evasion (left hand)
 j - a ring of flight (right hand)
Scrolls
 i - 2 scrolls of identify {unknown}
 k - a scroll of immolation {unknown}
 l - a scroll of magic mapping {unknown}
Potions
 d - a potion of might
 g - a potion of haste {unknown}
 h - 3 potions of curing {unknown}
 n - a potion of mutation {unknown}
Comestibles
 f - 2 bread rations
 m - a beef jerky


   Skills:
 + Level 4.2 Fighting
 + Level 3.5 Polearms
 + Level 4.3 Armour
 + Level 0.1 Stealth
 + Level 4.4 Shields


You had 3 spell levels left.
You didn't know any spells.

Dungeon Overview and Level Annotations

Branches:
Dungeon (3/15)

Altars:


Innate Abilities, Weirdness & Mutations

You reflexively headbutt those who attack you in melee.
You have a pair of horns on your head.


Message History

You are too injured to fight recklessly!
You are too injured to fight recklessly!
You are too injured to fight recklessly!
You are too injured to fight recklessly!
You are too injured to fight recklessly!
You are too injured to fight recklessly!
You are too injured to fight recklessly!
The centaur unwields an uncursed shortbow.
You block the centaur's attack.
The centaur hits you but does no damage.
The worker ant closely misses you.
Found a meat ration.
You hit the centaur.
The centaur is lightly wounded.
The centaur hits you.
* * * LOW HITPOINT WARNING * * *
The worker ant closely misses you. You furiously retaliate!
You headbutt the worker ant, but do no damage.
The centaur hits you.
You die...

#..........###
#.........$..##
#..............
...............
...............
...............
.......c....... ..
.......@..###+#
.....%###.a(..g...#
..... ##..(.......
.....###...(.....##
.#................g
.........(....#####
.........#........
...>..............
........#.#.######


You could see a centaur, a worker ant and 2 gnolls.

Vanquished Creatures
  An iguana (D:6)
  2 adders
  2 worms (D:2)
  2 dart slugs
  5 bats
  2 giant cockroaches
  3 goblins (D:2)
  4 hobgoblins
  6 kobolds
  3 frilled lizards
  7 rats
  4 toadstools (D:1)
41 creatures vanquished.

Vanquished Creatures (others)
  3 toadstools (D:1)
3 creatures vanquished.

Grand Total: 44 creatures vanquished

Notes
Turn   | Place    | Note
-------+----------+-------------------------------------------
     0 | D:1      | ponk the Minotaur Fighter began the quest for the Orb.
     0 | D:1      | Reached XP level 1. HP: 19/19 MP: 0/0
   227 | D:1      | Reached XP level 2. HP: 27/27 MP: 1/1
   976 | D:2      | Reached XP level 3. HP: 22/33 MP: 2/2
   989 | D:2      | Found a faded altar of an unknown god.
  1367 | D:3      | You fall through a shaft for 3 floors!
  1378 | D:6      | Reached XP level 4. HP: 24/40 MP: 3/3
  1384 | D:6      | Noticed a centaur
  1390 | D:6      | HP: 2/40 [centaur (4)]
  1390 | D:6      | Slain by a centaur

Skill      XL: |  1  2  3 |
---------------+----------+-----
Shields        | 4 |  4.4
Armour         | 4 |  4.3
Fighting       | 4 |  4.2
Polearms       | 3 |  3.5
Stealth        | |  0.1

Action                   |  1- 3 |  4- 6 || total
-------------------------+-------+-------++-------
Melee: Trident           |   100 |     1 ||   101
       Headbutt          |    14 |       ||    14
  Use: Scroll            |     3 |       ||     3
Armor: Scale mail        |    22 |     2 ||    24
Dodge: Dodged            |    21 |     2 ||    23
Block: Shield            |    25 |     2 ||    27
